 Dungeon Crawl Stone Soup version 0.29.1-2-gbd0b4ee654 (webtiles) character file.

Game seed: 5519607440740769230

331 GorkyZ the Trooper (level 6, -10/43 HPs)
             Began as a Demonspawn Fighter on Nov 19, 2022.
             Was a Believer of Hepliaklqana.
             Mangled by an ogre
             ... wielding a +0 giant club
              (27 damage)
             ... on level 4 of the Dungeon.
             The game lasted 00:10:27 (3162 turns).

GorkyZ the Trooper (Demonspawn Fighter)             Turns: 3162, Time: 00:10:27

Health: -10/43     AC:  5    Str: 19    XL:     6   Next: 26%
Magic:  5/5        EV: 10    Int:  9    God:    Hepliaklqana [**....]
Gold:   113        SH:  4    Dex: 12    Spells: 5/5 levels left

rFire   . . .      SeeInvis .   a - +0 flail
rCold   . . .      Faith    .   c - +0 buckler
rNeg    . . .      Spirit   .   b - +0 scale mail
rPois   .          Reflect  .   u - +0 helmet
rElec   .          Harm     .   (no cloak)
rCorr   .          Rampage  .   (no gloves)
Will    .....                   (no boots)
Stlth   ..........              (no amulet)
HPRegen 0.14/turn               (no ring)
MPRegen 0.09/turn               (no ring)

@: no status effects
A: reduced essence, spiny 1, weakness stinger 2, demonic touch 1, hooves 1,
deformed body, low MP 1
a: Renounce Religion, Ancestor Life: Knight, Ancestor Life: Battlemage, Ancestor
Life: Hexer, Recall Ancestor, Ancestor Identity


You were on level 4 of the Dungeon.
You worshipped Hepliaklqana.
Hepliaklqana was pleased with you.
You visited 1 branch of the dungeon, and saw 4 of its levels.

You collected 135 gold pieces.
You spent 22 gold pieces at shops.

Inventory:

Hand Weapons
 a - a +0 flail (weapon)
Missiles
 i - 3 poisoned darts
 l - 4 boomerangs (quivered)
 s - 4 javelins
Armour
 b - a +0 scale mail (worn)
 c - a +0 buckler (worn)
 p - a +0 helmet
 u - a +0 helmet (worn)
Wands
 q - a wand of flame (15)
Scrolls
 e - a scroll of fog {unknown}
 f - 3 scrolls of enchant weapon {unknown}
 h - a scroll of fear {unknown}
 k - 3 scrolls of blinking {unknown}
 m - a scroll of noise {unknown}
 n - a scroll of vulnerability {unknown}
 r - a scroll of identify
 t - a scroll of enchant armour {unknown}
 v - a scroll of teleportation {unknown}
 w - a scroll of torment {unknown}
Potions
 d - a potion of might
 g - a potion of cancellation
 j - 2 potions of curing
 o - a potion of magic {unknown}


   Skills:
 + Level 4.1 Fighting
 + Level 3.1 Maces & Flails
 + Level 3.7 Armour
 + Level 2.3 Dodging
 + Level 3.7 Shields


You had 5 spell levels left.
You didn't know any spells.
Your spell library contained the following spells:

 Spells                   Type           Power      Damage    Failure   Level
 Foxfire                  Conj/Fire      0%         2x1d4     83%         1
 Conjure Flame            Conj/Fire      0%         6-21      99%         3
 Gell's Gravitas          Tloc           0%         N/A       99%         3
 Inner Flame              Hex/Fire       0%         N/A       99%         3
 Lesser Beckoning         Tloc           0%         N/A       99%         3
 Teleport Other           Tloc           0%         N/A       99%         3
 Flame Wave               Conj/Fire      0%         2d4       100%        4


Dungeon Overview and Level Annotations

Branches:
Dungeon (4/15)
 Temple: D:4-7

Altars:
Hepliaklqana

Shops:
D:1 ?


Innate Abilities, Weirdness & Mutations

Your life essence is reduced to manifest your ancestor. (-10% HP)
You are partially covered in sharp spines.
You have a tail ending in a sharp stinger.
Your touch may inflict minor irresistible damage on your foes.
You have large cloven feet.
Armour fits poorly on your strangely shaped body.
Your magical capacity is low. (-10% MP)


Message History

You are too injured to fight recklessly!
You are too injured to fight recklessly!
You are too injured to fight recklessly!
You are too injured to fight recklessly!
You are too injured to fight recklessly!
You are too injured to fight recklessly!
You are too injured to fight recklessly!
You are too injured to fight recklessly!
You are too injured to fight recklessly!
You are too injured to fight recklessly!
You are too injured to fight recklessly!
Unknown command.
You are too injured to fight recklessly!
You miss the phantom. Your kick misses the phantom.
The phantom is almost destroyed.
The phantom hits you but does no damage.
Hsekiu completely misses the phantom.
The phantom is struck by your spines. The phantom hits you.
You miss the phantom.
The phantom is almost destroyed.
Hsekiu hits the phantom but does no damage.
The phantom hits Hsekiu!
The phantom blinks!
Hsekiu blinks!
Hsekiu hits the phantom.
The phantom is destroyed!
Your Fighting skill increases to level 4!
Your Maces & Flails skill increases to level 3!
You have reached level 6!
Hsekiu remembers more of his old skill.
An ogre comes into view. It is wielding a +0 giant club.
The ogre shouts!
A scorpion comes into view.
Hsekiu closely misses the ogre.
The ogre is struck by your spines. The ogre closely misses you.
You barely miss the ogre. Your kick misses the ogre.
The ogre is lightly wounded.
Hsekiu hits the ogre.
The ogre is struck by your spines.
The ogre hits you with a +0 giant club!!
Ouch! That really hurt!
You die...

..######
......##
##...##
###.###..<..##
......†OR....#
#####.#s@...##
#.#.....### #
#.....$.##
#.........
#....##.###
#:#.## ...
#.#.# ###
..... ##. .##


You could see the friendly Hsekiu the ancestor, an ogre (ally target) and a
scorpion.

Vanquished Creatures
  A black bear (D:3)
  Natasha (thrice) (D:2)
  Robin (D:3)
  An adder (D:2)
  An orc (D:3)
  2 endoplasms
  12 goblins
  3 hobgoblins
  8 jackals
  3 quokkas
  6 ball pythons
  6 bats (D:1)
  2 frilled lizards (D:1)
  3 rats (D:1)
52 creatures vanquished.

Vanquished Creatures (collateral kills)
  A phantom (D:4)
  2 endoplasms (D:2)
  2 hobgoblins (D:2)
  A ball python (D:2)
  A frilled lizard (D:2)
  A kobold (D:2)
8 creatures vanquished.

Grand Total: 60 creatures vanquished

Notes
Turn   | Place    | Note
-------+----------+-------------------------------------------
     0 | D:1      | GorkyZ the Demonspawn Fighter began the quest for the Orb.
     0 | D:1      | Reached XP level 1. HP: 18/18 MP: 1/1
   138 | D:1      | Found Risocwa's Magic Scroll Shoppe.
   146 | D:1      | Bought a scroll of identify for 22 gold pieces
   442 | D:1      | Discovered your monstrous ancestry.
   442 | D:1      | Gained mutation: You have a small tail. [demonic ancestry]
   442 | D:1      | Reached XP level 2. HP: 22/24 MP: 2/2
   659 | D:1      | Found a faded altar of an unknown god.
   707 | D:1      | Prayed at the altar of an unknown god.
   707 | D:1      | Became a worshipper of Hepliaklqana the Forgotten
   707 | D:1      | Reached * piety under Hepliaklqana
  1382 | D:2      | Gained mutation: Your touch may inflict minor irresistible
                  | damage on your foes. [demonic ancestry]
  1382 | D:2      | Reached XP level 3. HP: 25/26 MP: 3/3
  1422 | D:2      | Noticed Natasha
  1430 | D:2      | Killed Natasha
  1431 | D:2      | Reached skill level 1 in Dodging
  1796 | D:2      | Gained mutation: You are partially covered in sharp spines.
                  | [demonic ancestry]
  1796 | D:2      | Reached XP level 4. HP: 9/31 MP: 4/4
  1893 | D:2      | Noticed Natasha
  1901 | D:2      | Killed Natasha
  2120 | D:2      | Noticed Natasha
  2127 | D:2      | Killed Natasha
  2237 | D:2      | Gained mutation: You are frail. (-10% HP) [potion of
                  | mutation]
  2237 | D:2      | Gained mutation: You expend magic power (3 MP) to
                  | strengthen your wands. [potion of mutation]
  2238 | D:2      | Lost mutation: You are frail. (-10% HP) [potion of
                  | mutation]
  2238 | D:2      | Lost mutation: You expend magic power (3 MP) to strengthen
                  | your wands. [potion of mutation]
  2238 | D:2      | Gained mutation: Your magical capacity is low. (-10% MP)
                  | [potion of mutation]
  2238 | D:2      | Gained mutation: Armour fits poorly on your strangely
                  | shaped body. [potion of mutation]
  2238 | D:2      | Gained mutation: You have large cloven feet. [potion of
                  | mutation]
  2315 | D:2      | You fall into a shaft and drop 1 floor!
  2372 | D:3      | Noticed a black bear
  2380 | D:3      | Killed a black bear
  2381 | D:3      | Gained mutation: You have a tail ending in a sharp stinger.
                  | [demonic ancestry]
  2381 | D:3      | Reached XP level 5. HP: 25/37 MP: 1/4
  2711 | D:3      | Noticed Robin
  2730 | D:3      | Killed Robin
  2935 | D:3      | Reached ** piety under Hepliaklqana
  3143 | D:4      | Noticed a phantom
  3154 | D:4      | Killed a phantom
  3155 | D:4      | Reached skill level 4 in Fighting
  3155 | D:4      | Reached XP level 6. HP: 16/43 MP: 5/5
  3162 | D:4      | Mangled by an ogre

Illustrated notes

Levels and vault maps discovered:
D:1:      dpeg_arrival_water_fire, layout_loops_ring,
          shapermc_ecumenical_altar_totnotflames, serial_shops, shop
D:2:      layout_loops_cross, minmay_misc_feat_encased, minmay_ruptured,
          uniq_natasha
D:3:      layout_loops_ring, hangedman_decor_growths, uniq_robin
D:4:      layout_loops_ring, mainiacjoe_overflow_swirl

Skill      XL: |  1  2  3  4  5 |
---------------+----------------+-----
Maces & Flails | 2 3 |  3.1
Armour         | 3 |  3.7
Dodging        | 1 2 |  2.3
Shields        | 3 |  3.7
Fighting       | 4 |  4.1

Action                   |  1- 3 |  4- 6 || total
-------------------------+-------+-------++-------
Melee: Flail             |   114 |    53 ||   167
       Tailslap          |     9 |     6 ||    15
       Kick              |       |    12 ||    12
Invok: Recall Ancestor   |       |     1 ||     1
  Use: Scroll            |     1 |     2 ||     3
       Potion            |       |     2 ||     2
Armor: Scale mail        |    68 |    17 ||    85
Dodge: Dodged            |    73 |    12 ||    85
Block: Buckler           |    39 |    11 ||    50
